 Dungeon Crawl Stone Soup version 0.31-a0-771-g505c3d19dc (webtiles) character file.

Game seed: 14055849456349502462

2041 Skeral the Grappler (level 9, -3/89 HPs)
             Began as a Troll Shapeshifter on Sept 16, 2023.
             Was a Believer of Wu Jian.
             Slain by a gnoll sergeant
             ... wielding a +1 vampiric spear
              (12 damage)
             ... on level 7 of the Dungeon.
             The game lasted 00:10:11 (4689 turns).

Skeral the Grappler (Troll Shapeshifter)            Turns: 4689, Time: 00:10:11

Health: -3/89      AC:  4    Str: 24    XL:     9   Next: 4%
Magic:  8/8        EV: 10    Int:  6    God:    Wu Jian [**....]
Gold:   349        SH:  5    Dex: 13    Spells: 8/8 levels left

rFire   . .          .
                       - Unarmed
rCold   . . .        (no shield)
rNeg    . . .        a - +0 animal skin
rPois   .            (helmet currently unavailable)
rElec   .            e - melded +0 cloak
rCorr   .            (gloves unavailable)
SInv    .            (boots unavailable)
Will    .....        i - amulet of reflection
Stlth   +            (no ring)
HPRegen 1.14/turn    (no ring)
MPRegen 0.11/turn

%: reflection
@: beast-form
A: beast (slay +3), large, unfitting armour, claws 3, regeneration 1, shaggy fur
1, tough skin 1
a: Begin Untransformation, Renounce Religion, Wall Jump


You were on level 7 of the Dungeon.
You worshipped Wu Jian.
Wu Jian was pleased with you.
You were a hulking beast.
You visited 2 branches of the dungeon, and saw 8 of its levels.

You collected 349 gold pieces.


Innate Abilities, Weirdness & Mutations

You are a hulking beast.
Your limbs bulge with bestial killing power. (Slay +3)
You are too large for most types of armour.
You have claws for hands.
Your natural rate of healing is unusually fast.
You are covered in fur. (AC +1)
You have tough skin. (AC +1)


   Skills:
 + Level 6.3 Fighting
 - Level 1.5 Dodging
 + Level 8.1 Unarmed Combat
 + Level 5.5 Shapeshifting


You had 8 spell levels left.
You didn't know any spells.
Your spell library contained the following spells:

 Spells                   Type           Power      Damage    Failure   Level
 Magic Dart               Conj           0%         1d3       45%         1
 Searing Ray              Conj           0%         2d4       58%         2
 Sublimation of Blood     Necr           0%         N/A       58%         2
 Dazzling Flash           Conj/Hex       0%         N/A       83%         3
 Gell's Gravitas          Tloc           0%         N/A       83%         3
 Teleport Other           Tloc           0%         N/A       83%         3
 Volatile Blastmotes      Fire/Tloc      0%         2d10      83%         3
 Fulminant Prism          Conj/Hex       0%         3d5       99%         4
 Petrify                  Tmut/Erth      0%         N/A       99%         4
 Irradiate                Conj/Tmut      0%         3d11      100%        5
 Dispersal                Tloc           0%         N/A       100%        6
 Starburst                Conj/Fire      0%         6d3       100%        6
 Maxwell's Capacitive Co  Air            0%         ∞         100%        8

Inventory:

Hand Weapons
 u - the +7 sling of Cruel Justice {heavy, rN+ Will+ Stlth+}
   (You found it on level 4 of the Dungeon)

   rN+:       It protects you from negative energy.
   Will+:     It increases your willpower.
   Stlth+:    It makes you more stealthy.
Missiles
 l - 3 poisoned darts
 C - a curare-tipped dart {=f}
 E - 3 datura-tipped darts
 I - 3 boomerangs
Armour
 a - a +0 animal skin (worn)
 e - a +0 cloak (melded)
   (You found it on level 1 of the Dungeon)
Jewellery
 i - an amulet of reflection (around neck)
   (You found it on level 1 of the Dungeon)
 F - a ring of fire
   (You found it on level 5 of the Dungeon)
Talismans
 c - a beast talisman (active)
 d - a flux talisman
Wands
 w - a wand of charming (3)
   (You found it on level 5 of the Dungeon)
 y - a wand of polymorph (25)
   (You found it on level 5 of the Dungeon)
Scrolls
 j - a scroll of revelation
 k - 2 scrolls of poison {!r}
 m - 2 scrolls of torment {unknown}
 n - 2 scrolls of fear {unknown}
 q - 4 scrolls of teleportation {unknown}
 r - a scroll of blinking {unknown}
 t - a scroll of silence {unknown}
 v - a scroll of enchant armour {unknown}
 x - 3 scrolls of vulnerability {!r!r}
 z - a scroll of amnesia
 B - a scroll of fog {unknown}
 G - a scroll of enchant weapon {unknown}
Potions
 b - 6 potions of lignification {!q}
 f - 2 potions of brilliance {unknown}
 h - 2 potions of curing {@q1}
 o - a potion of attraction {unknown}
 p - 3 potions of might {unknown}
 s - a potion of cancellation {unknown}
 A - 2 potions of haste {@q3}
 D - a potion of enlightenment {unknown}
 H - a potion of ambrosia {unknown}

Dungeon Overview and Level Annotations

Branches:
Dungeon (7/15) Zot: 26624  Temple (1/1) D:4 Zot: 5941

Altars:
Ashenzari
Cheibriados
Dithmenos
Elyvilon
Fedhas
Gozag
Hepliaklqana
Kikubaaqudgha
Makhleb
Nemelex Xobeh
Okawaru
Qazlal
Ru
Sif Muna
Trog
Uskayaw
Vehumet
Wu Jian
Xom
Yredelemnul
Zin
The Shining One

..#..... ......# .....#
###....# . #......#
..######......#
..............#
.......g.....)#####
#.....gh)...#)....#
#....../†...#####.### ##
#...........# #...###.
#...........# ###...#.
#...........# ###.#.
#...........# ######.#.
#............ .......>..
#...........###########.
............ ........


You could see a gnoll sergeant and a gnoll.


Message History

You barely miss the gnoll. You closely miss the gnoll.
You block the gnoll's attack.
You mangle the gnoll!!
You kill the gnoll!
The Council accepts your kill.
You have reached level 9!
Your experience leads to an increase in your attributes!
Increase (S)trength, (I)ntelligence, or (D)exterity?
You feel agile. x2; You feel stronger. 😎 HP[+6] MP[+1]
You now have 89 max hp (+6).
Your hp is fully restored (89).
Your mp is fully restored (8).
You claw the gnoll!
You kill the gnoll!
The Council accepts your kill.
You see here a +0 flail.
Things that are here:
a +0 club; a +0 spear; a gnoll corpse A scorpion comes into view.
The gnoll shouts!
You lunge at the gnoll.
You scratch the gnoll. You block the scorpion's attack.
You block the gnoll's attack.
The gnoll sergeant hits you from afar with a +1 vampiric spear! 😕 HP[-8]
You take 8 damage, and now have 81/89 hp.
You barely miss the gnoll.
You block the scorpion's attack. 😕 HP[+1]
You scratch the gnoll. The gnoll closely misses you.
The gnoll sergeant hits you from afar with a +1 vampiric spear!
The scorpion barely misses you. 😕 HP[-11]
You take 11 damage, and now have 71/89 hp.
The gnoll shouts!
You claw the gnoll! The gnoll barely misses you.
The gnoll sergeant hits you from afar with a +1 vampiric spear.
The scorpion stings you! 😮 HP[-9]
You take 9 damage, and now have 62/89 hp.
You claw the gnoll!
You kill the gnoll!
The Council accepts your kill.
The gnoll sergeant hits you from afar with a +1 vampiric spear!
The scorpion stings you. 😮 HP[-12]
You take 12 damage, and now have 50/89 hp.
You scratch the scorpion but do no damage.
The scorpion closely misses you.
The gnoll sergeant hits you but does no damage. 😮 HP[+1]
You claw the scorpion!
You kill the scorpion!
The Council accepts your kill.
The gnoll sergeant barely misses you. 😮 HP[+1]
You block the gnoll sergeant's attack. The gnoll barely misses you.
You see here a scorpion corpse. 😮 HP[+1]
The gnoll sergeant hits you with a +1 vampiric spear!
* * * LOW HITPOINT WARNING * * *
The gnoll hits you with a +0 spear.
* * * LOW HITPOINT WARNING * * *
😨 HP[-15]
You take 15 damage, and now have 38/89 hp.
You claw the gnoll sergeant! 😨 HP[+1]
You scratch the gnoll sergeant but do no damage.
You claw the gnoll sergeant!
The gnoll sergeant hits you with a +1 vampiric spear!
* * * LOW HITPOINT WARNING * * *
The gnoll sergeant draws strength from your wounds!
You block the gnoll's attack. 😨 HP[-8]
You take 8 damage, and now have 31/89 hp.
You claw the gnoll sergeant!
The gnoll sergeant hits you with a +1 vampiric spear.
* * * LOW HITPOINT WARNING * * *
The gnoll hits you with a +0 spear.
* * * LOW HITPOINT WARNING * * *
😨 HP[-5]
You take 5 damage, and now have 26/89 hp.
You scratch the gnoll sergeant but do no damage.
The gnoll sergeant hits you with a +1 vampiric spear.
* * * LOW HITPOINT WARNING * * *
You block the gnoll's attack. 😱 HP[-5]
You take 5 damage, and now have 21/89 hp.
You barely miss the gnoll sergeant. The gnoll sergeant closely misses you.
The gnoll hits you with a +0 spear.
* * * LOW HITPOINT WARNING * * *
😱 HP[-4]
You take 4 damage, and now have 17/89 hp.
You closely miss the gnoll sergeant.
The gnoll sergeant hits you with a +1 vampiric spear!
* * * LOW HITPOINT WARNING * * *
The gnoll completely misses you. 😱 HP[-9]
You take 9 damage, and now have 8/89 hp.
You scratch the gnoll sergeant.
The gnoll sergeant hits you with a +1 vampiric spear!
You die...

Skill      XL: |  1  2  3  4  5  6  7  8 |
---------------+-------------------------+-----
Fighting       | 1 2 3 4 5 6 |  6.3
Unarmed Combat | 4 5 6 8 |  8.1
Shapeshifting  | 4 5 |  5.5
Dodging        | |  1.5

Action                     |  1- 3 |  4- 6 |  7- 9 || total
---------------------------+-------+-------+-------++-------
  Melee: Unarmed           |    71 |   126 |   173 ||   370
         Punch             |     1 |     3 |     7 ||    11
Ability: Lunge             |       |     2 |    15 ||    17
         Whirlwind         |       |       |    16 ||    16
  Evoke: Wand              |       |       |     2 ||     2
    Use: Scroll            |       |       |     8 ||     8
         Potion            |       |       |     5 ||     5
   Stab: Sleeping          |       |     2 |       ||     2
 Armour: Animal skin       |    68 |    69 |   131 ||   268
  Dodge: Dodged            |    39 |    36 |    67 ||   142
  Block: Other             |    13 |    23 |    40 ||    76
         Reflection        |       |     2 |       ||     2
         Form:             |     1 |       |       ||     1
         Beast             |     1 |       |       ||     1

Levels and vault maps discovered:
D:1:      scummos_arrival_forest, layout_rooms, minmay_tromino_v4_b
D:2:      layout_rooms
D:3:      layout_rooms, lemuel_coloured_pillars_altar
D:4:      layout_cave_pools, minitemple, minmay_temple_entry_purple_smoke
D:5:      layout_basic, grunt_temple_overflow_open, corner_web_ring,
          dreamdust_gnoll_farm
D:6:      layout_layer_cave, nicolae_concentric_dashed_squares_wild
D:7:      layout_basic, minmay_microvault
Temple:   oiseaux_autumnal_temple

Notes
Turn   | Place    | Note
-------+----------+-------------------------------------------
     0 | D:1      | Skeral the Troll Shapeshifter began the quest for the Orb.
     0 | D:1      | Reached XP level 1. HP: 18/18 MP: 0/0
     0 | D:1      | magus.rc [v1.10.3]
    77 | D:1      | Reached skill level 1 in Fighting
   115 | D:1      | Reached XP level 2. HP: 26/27 MP: 1/1
   558 | D:2      | Reached XP level 3. HP: 35/35 MP: 2/2
   569 | D:2      | Reached skill level 2 in Fighting
   577 | D:2      | Reached skill level 4 in Unarmed Combat
   689 | D:2      | Reached XP level 4. HP: 26/44 MP: 3/3
   997 | D:3      | You add the spells Gell's Gravitas, Teleport Other and
                  | Dispersal to your library.
  1013 | D:3      | Reached XP level 5. HP: 49/52 MP: 4/4
  1021 | D:3      | Reached skill level 3 in Fighting
  1216 | D:3      | Reached skill level 5 in Unarmed Combat
  1269 | D:3      | Noticed an ice beast
  1282 | D:3      | Killed an ice beast
  1283 | D:3      | Reached XP level 6. HP: 42/62 MP: 5/5
  1394 | D:3      | Found a bloodstained altar of Trog.
  1526 | D:4      | Found a staircase to the Ecumenical Temple.
  1533 | Temple   | Entered the Ecumenical Temple
  1563 | Temple   | Became a worshipper of the Wu Jian Council
  1599 | D:4      | Reached skill level 4 in Fighting
  1624 | D:4      | You pick up a book of Alchemy and begin reading...
  1624 | D:4      | You add the spells Sublimation of Blood, Petrify and
                  | Irradiate to your library.
  1736 | D:4      | Found a blossoming altar of Fedhas.
  1737 | D:4      | Found an opulent altar of Gozag.
  1739 | D:4      | Found an iron altar of Okawaru.
  1740 | D:4      | Found a stormy altar of Qazlal.
  1778 | D:4      | Reached skill level 6 in Unarmed Combat
  1784 | D:4      | Reached XP level 7. HP: 43/71 MP: 6/6
  1825 | D:4      | Identified the +7 sling of Cruel Justice {heavy, rN+ Will+
                  | Stlth+}
  2101 | D:5      | Entered Level 5 of the Dungeon
  2240 | D:5      | Reached * piety under Wu Jian
  2456 | D:5      | Reached skill level 5 in Fighting
  2619 | D:5      | Reached skill level 4 in Shapeshifting
  2619 | D:5      | Reached XP level 8. HP: 69/80 MP: 7/7
  2840 | D:5      | Reached skill level 7 in Unarmed Combat
  2876 | D:5      | Found a burning altar of Makhleb.
  2899 | D:5      | Found a radiant altar of Vehumet.
  2902 | D:5      | Found a hide-covered altar of Uskayaw.
  2905 | D:5      | Found a white marble altar of Elyvilon.
  3609 | D:6      | You pick up a book of Conjurations and begin reading...
  3609 | D:6      | You add the spells Magic Dart, Searing Ray and Fulminant
                  | Prism to your library.
  4405 | D:7      | Reached skill level 5 in Shapeshifting
  4488 | D:7      | HP: 20/83 [water moccasin (4)]
  4492 | D:7      | HP: 6/83 [iguana (13)]
  4495 | D:7      | Reached skill level 6 in Fighting
  4497 | D:7      | HP: 19/83 [ice beast (1)]
  4497 | D:7      | HP: 5/83 [ice beast (14)]
  4501 | D:7      | Reached skill level 8 in Unarmed Combat
  4529 | D:7      | You pick up a book of Spectacle and begin reading...
  4529 | D:7      | You add the spells Volatile Blastmotes, Dazzling Flash,
                  | Starburst and Maxwell's Capacitive Coupling to your
                  | library.
  4580 | D:7      | Reached ** piety under Wu Jian
  4666 | D:7      | Reached XP level 9. HP: 89/89 MP: 8/8
  4686 | D:7      | HP: 21/89 [gnoll sergeant/+1 vampiric spear (6)]
  4688 | D:7      | HP: 8/89 [gnoll sergeant/+1 vampiric spear (10)]
  4689 | D:7      | Slain by a gnoll sergeant

Vanquished Creatures
  A water moccasin (D:7)
  2 sky beasts
  2 ice beasts
  2 ogres
  A centaur (D:6)
  A kobold brigand (D:5)
  2 bullfrogs
  3 scorpions
  A howler monkey (D:7)
  4 hounds
  2 jellies
  An orc priest (D:7)
  6 iguanas
  3 orc wizards
  11 adders
  17 gnolls
  A shadow imp (D:7)
  An ufetubus (D:4)
  2 worms
  4 dart slugs
  15 orcs
  4 bats
  6 endoplasms
  5 giant cockroaches
  6 goblins
  10 hobgoblins
  2 jackals (D:2)
  3 quokkas
  4 ball pythons
  2 frilled lizards (D:1)
  12 kobolds
  6 rats
142 creatures vanquished.

Vanquished Creatures (others)
  A wyvern (D:7)
1 creature vanquished.

Grand Total: 143 creatures vanquished

Table legend:
 A = Non-vault XP
 B = Vault XP
 C = Vault XP percentage of total XP
 D = Non-vault monster count
 E = Vault monster count
 F = Vault count percentage of total count
                 A         B        C        D         E       F
            +---------+---------+-------+---------+---------+-------
      Total |    2773 |     144 |   4.9 |     135 |       8 |   5.6
            +---------+---------+-------+---------+---------+-------
        D:1 |      32 |       3 |   8.6 |      17 |       2 |  10.5
        D:2 |     108 |       0 |   0.0 |      26 |       0 |   0.0
        D:3 |     338 |       0 |   0.0 |      26 |       0 |   0.0
        D:4 |     361 |       0 |   0.0 |      16 |       0 |   0.0
        D:5 |     544 |     141 |  20.6 |      17 |       6 |  26.1
        D:6 |     349 |       0 |   0.0 |       5 |       0 |   0.0
        D:7 |    1041 |       0 |   0.0 |      28 |       0 |   0.0
            +---------+---------+-------+---------+---------+-------

Skill      XL: |  1  2  3  4  5  6  7  8 |
---------------+-------------------------+-----
Fighting       | 1 2 3 4 5 6 |  6.3
Unarmed Combat | 4 5 6 8 |  8.1
Shapeshifting  | 4 5 |  5.5
Dodging        | |  1.5

Action                     |  1- 3 |  4- 6 |  7- 9 || total
---------------------------+-------+-------+-------++-------
  Melee: Unarmed           |    71 |   126 |   173 ||   370
         Punch             |     1 |     3 |     7 ||    11
Ability: Lunge             |       |     2 |    15 ||    17
         Whirlwind         |       |       |    16 ||    16
  Evoke: Wand              |       |       |     2 ||     2
    Use: Scroll            |       |       |     8 ||     8
         Potion            |       |       |     5 ||     5
   Stab: Sleeping          |       |     2 |       ||     2
 Armour: Animal skin       |    68 |    69 |   131 ||   268
  Dodge: Dodged            |    39 |    36 |    67 ||   142
  Block: Other             |    13 |    23 |    40 ||    76
         Reflection        |       |     2 |       ||     2
         Form:             |     1 |       |       ||     1
         Beast             |     1 |       |       ||     1

Illustrated notes

Table legend:
 A = Kills in this place as a percentage of kills in the entire game.
 B = Kills by you in this place as a percentage of kills by you in the entire game.
 C = Kills by friends in this place as a percentage of kills by friends in the entire game.
 D = Other kills in this place as a percentage of other kills in the entire game.
 E = Experience gained in this place as a percentage of experience gained in the entire game.
 F = Experience gained in this place divided by the number of levels of this place that you have seen.
                   A       B       C       D       E      F
               +-------+-------+-------+-------+-------+----------------------
         Total | 100.0 | 100.0 |   N/A | 100.0 | 100.0 | 364.6
       Dungeon | 100.0 | 100.0 |   N/A | 100.0 | 100.0 | 416.7
               +-------+-------+-------+-------+-------+----------------------

Table legend: (Time is in decaauts)
 A = Elapsed time spent in this place.
 B = Non-inter-level travel time spent in this place.
 C = Inter-level travel time spent in this place.
 D = Time resting spent in this place.
 E = Time spent auto-exploring this place.
 F = Levels seen in this place.
 G = Mean time per level.
                   A        B        C        D        E       F      G
               +--------+--------+--------+--------+--------+-----+--------+
         Total |   4658 |   4460 |    198 |    160 |   2996 |   8 |  582.2 |
       Dungeon |   4599 |   4432 |    167 |    160 |   2996 |   7 |  657.0 |
        Temple |     58 |     27 |     31 |      0 |      0 |   1 |   58.0 |
               +--------+--------+--------+--------+--------+-----+--------+

Top non-repeatable levels by time:
     D:6: 1250 daAuts
     D:5: 948 daAuts
     D:3: 548 daAuts
     D:1: 530 daAuts
     D:4: 512 daAuts
     D:2: 433 daAuts
     D:7: 374 daAuts
  Temple: 58 daAuts
